 Dungeon Crawl Stone Soup version 0.27-a0-287-gd4424db430 (webtiles) character file.

Game seed: 6229749145184218604

1061 runemasterragnar the Ruffian (level 8, -16/63 HPs)
             Began as a Pale Draconian Transmuter on Feb 9, 2021.
             Was an Initiate of Vehumet.
             Demolished by an orc warrior
             ... wielding a +0 glaive
              (20 damage)
             ... on level 6 of the Dungeon.
             The game lasted 00:12:38 (6855 turns).

runemasterragnar the Ruffian (DrTm)                 Turns: 6855, Time: 00:12:39

Health: -16/63     AC:  2    Str: 14    XL:     8   Next: 6%
Magic:  9/13       EV: 21    Int: 15    God:    Vehumet [......]
Gold:   281        SH:  0    Dex: 16    Spells: 2/13 levels left

rFire    . . .     SeeInvis .     - Unarmed
rCold    . . .     Faith    .   (shield currently unavailable)
rNeg     . . .     Spirit   .   (armour unavailable)
rPois    .         Reflect  .   (helmet currently unavailable)
rElec    .         Harm     .   (cloak currently unavailable)
rCorr    .         Rampage  .   (gloves currently unavailable)
Will     .....                  (boots currently unavailable)
Stlth    ++........             (no amulet)
HPRegen  0.20/turn              (no ring)
MPRegen  0.13/turn              o - ring of poison resistance

@: spider-form (expiring)
A: tiny, (breathe steam), unfitting armour, AC +6
a: End Transformation, Renounce Religion


You were on level 6 of the Dungeon.
You worshipped Vehumet.
Vehumet was noncommittal.
You were a venomous arachnid creature.
You visited 2 branches of the dungeon, and saw 7 of its levels.
You also visited: Ossuary.

You collected 281 gold pieces.

Inventory:

Missiles
 b - 3 javelins
 g - 3 datura-tipped darts
Jewellery
 e - an uncursed ring of teleportation
 o - a ring of poison resistance (right front leg)
Wands
 i - a wand of charming (8)
Scrolls
 f - 2 scrolls of remove curse
 h - a scroll of teleportation
 l - a scroll of enchant weapon
 m - a scroll of immolation {unknown}
 n - a scroll of amnesia
 q - a scroll of random uselessness {unknown}
 u - 2 scrolls of enchant armour {unknown}
 y - a scroll of identify
Potions
 a - 3 potions of resistance
 c - 3 potions of degeneration
 d - a potion of berserk rage {unknown}
 j - 2 potions of curing
 k - 2 potions of haste
 p - a potion of invisibility {unknown}
 r - 2 potions of cancellation {unknown}
 s - a potion of heal wounds
 t - 2 potions of flight {unknown}
 v - 2 potions of attraction {unknown}
 w - 2 potions of mutation {unknown}
 x - a potion of brilliance {unknown}
 z - a potion of lignification {unknown}


   Skills:
 + Level 3.5 Fighting
 + Level 3.4 Dodging
 + Level 3.0 Stealth
 * Level 5.6 Unarmed Combat
 + Level 3.4 Spellcasting
 * Level 5.1 Transmutations


You had 2 spell levels left.
You knew the following spells:

 Your Spells              Type           Power        Failure   Level
a - Beastly Appendage     Tmut           34%          9%          1
b - Wereblood             Tmut           17%          12%         2
c - Spider Form           Tmut/Pois      5%           41%         3
d - Blade Hands           Tmut           8%           75%         5

Your spell library contained the following spells:

 Spells                   Type           Power        Failure   Level
 Confusing Touch          Hex            2%           71%         3
 Gell's Gravitas          Tloc           1%           71%         3
 Ice Form                 Ice/Tmut       10%          75%         4
 Petrify                  Tmut/Erth      10%          75%         4
 Yara's Violent Unravell  Hex/Tmut       5%           96%         5
 Metabolic Englaciation   Hex/Ice        1%           100%        5


Dungeon Overview and Level Annotations

Branches:
Dungeon (6/15)             Temple (1/1) D:5         Ossuary (visited)

Altars:
Ashenzari
Cheibriados
Elyvilon
Fedhas
Gozag
Hepliaklqana
Kikubaaqudgha
Makhleb
Ru
Sif Muna
Trog
Uskayaw
Vehumet
Wu Jian
Xom
Yredelemnul
The Shining One


Innate Abilities, Weirdness & Mutations

((You can breathe blasts of scalding, opaque steam.))
((Your pale cyan-grey scales are hard. (AC +6)))
You cannot fit into any form of body armour.
((You are cold-blooded and may be slowed by cold attacks.))


Message History

The orc wizard casts a spell at itself.
The orc wizard flickers and vanishes!
Deactivating autopickup; reactivate with Ctrl-A.
You completely miss something.
Your transformation is almost over.
The orc warrior completely misses you. Something misses you.
You hit something but do no damage.
The orc warrior hits you from afar with a +0 glaive!
* * * LOW HITPOINT WARNING * * *
You barely miss something.
You hear some strange, mumbled words.
A puff of flame appears from out of thin air!
The puff of flame hits you!
* * * LOW HITPOINT WARNING * * *
You miss something. Vehumet accepts your kill.
Reactivating autopickup.
You feel a bit more experienced.
The orc warrior hits you from afar with a +0 glaive!!
You die...

#########
#.......######################
'.....................).....).
#.......######################
...........).s)o.....
#####################


You could see an orc warrior.

Vanquished Creatures
  A water moccasin (D:6)
  An ice beast (D:3)
  An ogre (D:5)
  A centaur (D:6)
  A howler monkey (D:6)
  2 hounds
  4 centaur zombies (Ossuary)
  An orc priest (D:3)
  An orc wizard (D:6)
  An iguana (D:4)
  A worker ant (D:4)
  An ogre zombie (Ossuary)
  7 mummies (Ossuary)
  A worker ant zombie (D:3)
  4 gnolls
  6 adders
  A white imp (D:4)
  4 oozes
  An adder zombie (Ossuary)
  An adder skeleton (D:5)
  6 worms
  6 leopard geckos
  14 orcs
  12 bats
  7 giant cockroaches
  A gnoll zombie (Ossuary)
  12 goblins
  7 hobgoblins
  4 jackals
  2 quokkas
  A ball python (D:2)
  4 frilled lizards
  3 goblin zombies (Ossuary)
  7 hobgoblin zombies (Ossuary)
  8 kobolds
  5 kobold zombies (Ossuary)
  A leopard gecko skeleton (D:5)
  A quokka skeleton (D:5)
  4 quokka zombies (Ossuary)
  7 rats
  4 rat zombies (Ossuary)
157 creatures vanquished.

Notes
Turn   | Place    | Note
-------+----------+-------------------------------------------
     0 | D:1      | runemasterragnar the Draconian Transmuter began the quest
                  | for the Orb.
     0 | D:1      | Reached XP level 1. HP: 16/16 MP: 3/3
    97 | D:1      | Reached XP level 2. HP: 23/23 MP: 5/5
   525 | D:1      | Reached XP level 3. HP: 28/28 MP: 6/6
  1116 | D:2      | Reached skill level 1 in Stealth
  1200 | D:2      | Reached XP level 4. HP: 35/35 MP: 5/7
  1270 | D:2      | Learned a level 2 spell: Wereblood
  1274 | D:2      | Learned a level 3 spell: Spider Form
  2176 | D:3      | Reached XP level 5. HP: 33/41 MP: 5/8
  2485 | D:3      | Noticed an ice beast
  2495 | D:3      | Found a shimmering altar of Xom.
  2709 | D:4      | Found a sand-covered staircase.
  2713 | Ossuary  | Entered an ossuary
  3027 | Ossuary  | Reached XP level 6. HP: 40/49 MP: 5/9
  4192 | D:4      | Your scales start taking on a pale cyan-grey colour.
  4192 | D:4      | Reached XP level 7. HP: 48/56 MP: 11/11
  4399 | D:4      | Found a hide-covered altar of Uskayaw.
  4589 | D:5      | Entered Level 5 of the Dungeon
  4607 | D:5      | Found a staircase to the Ecumenical Temple.
  4639 | D:5      | Reached skill level 5 in Unarmed Combat
  4658 | D:5      | Learned a level 5 spell: Blade Hands
  4665 | Temple   | Entered the Ecumenical Temple
  5000 | Temple   | Became a worshipper of Vehumet
  5408 | D:3      | Found a shimmering altar of Xom.
  5408 | D:3      | Found a shimmering altar of Xom.
  5409 | D:3      | Found a shimmering altar of Xom.
  5409 | D:3      | Found a shimmering altar of Xom.
  5410 | D:3      | Found a shimmering altar of Xom.
  5411 | D:3      | Found a shimmering altar of Xom.
  6493 | D:6      | Reached skill level 5 in Transmutations
  6493 | D:6      | Reached XP level 8. HP: 19/63 MP: 11/13
  6855 | D:6      | Demolished by an orc warrior

Illustrated notes

Levels and vault maps discovered:
D:1:      co_arrival_square_in_a_square_in_a_square, layout_loops_ring,
          minmay_pentomino_w2
D:2:      layout_loops_cross, chequers_serial_rivers_micro_d, minmay_tripent
D:3:      layout_basic, xom_redecorated
D:4:      layout_rooms, kennysheep_little_box, enter_ossuary_5
D:5:      layout_cave_pools, chequers_temple_overflow_statue_of_worship,
          minmay_temple_entry_drinking_statues, kennysheep_dice
D:6:      layout_basic, uniq_grinder
Temple:   eino_temple_rhombus

Skill      XL: |  1  2  3  4  5  6  7  8 |
---------------+-------------------------+-----
Dodging        | 2 3 |  3.4
Stealth        | 1 2 3 |  3.0
Transmutations | 3 4 5 |  5.1
Fighting       | 2 3 |  3.5
Unarmed Combat | 4 5 |  5.6
Spellcasting   | 3 |  3.4

Action                   |  1- 3 |  4- 6 |  7- 9 || total
-------------------------+-------+-------+-------++-------
Melee: Unarmed           |   112 |   311 |   107 ||   530
       Tailslap          |    10 |    27 |     7 ||    44
       Kick              |    18 |    26 |     7 ||    51
       Headbutt          |     5 |    17 |     3 ||    25
       Punch             |       |     4 |     1 ||     5
 Cast: Beastly Appendage |    17 |    19 |     5 ||    41
       Spider Form       |       |    10 |     6 ||    16
       Wereblood         |       |     4 |       ||     4
 Abil: Breathe Steam     |       |       |     8 ||     8
Evoke: Wand              |       |     2 |       ||     2
  Use: Scroll            |       |     9 |       ||     9
       Potion            |       |       |     2 ||     2
 Stab: Sleeping          |     2 |     7 |     1 ||    10
Armor: Skin              |    32 |    52 |    20 ||   104
Dodge: Dodged            |    66 |   190 |    68 ||   324

Table legend: (Time is in decaauts)
 A = Elapsed time spent in this place.
 B = Non-inter-level travel time spent in this place.
 C = Inter-level travel time spent in this place.
 D = Time resting spent in this place.
 E = Time spent auto-exploring this place.
 F = Levels seen in this place.
 G = Mean time per level.
                   A        B        C        D        E       F      G
               +--------+--------+--------+--------+--------+-----+--------+
         Total |   6816 |   6618 |    198 |   1023 |   4216 |   8 |  852.0 |
       Dungeon |   5004 |   4856 |    148 |    723 |   3053 |   6 |  834.0 |
        Temple |    351 |    301 |     50 |      0 |    300 |   1 |  351.0 |
       Ossuary |   1460 |   1460 |      0 |    300 |    863 |   1 | 1460.0 |
               +--------+--------+--------+--------+--------+-----+--------+

Top non-repeatable levels by time:
 Ossuary: 1460 daAuts
     D:3: 1380 daAuts
     D:1: 1059 daAuts
     D:2: 1006 daAuts
     D:6: 763 daAuts
     D:4: 625 daAuts
  Temple: 351 daAuts
     D:5: 169 daAuts
